 Dungeon Crawl Stone Soup version 0.22-a0-159-g7ce444f (webtiles) character file.

79 KristoblXynda the Slasher (level 4, 0/36 HPs)
             Began as a Draconian Gladiator on Feb 9, 2018.
             Slain by Crazy Yiuf
             ... wielding a +4 quarterstaff of chaos
              (12 damage)
             ... on level 2 of the Dungeon.
             The game lasted 00:03:10 (1564 turns).

KristoblXynda the Slasher (Draconian Gladiator)     Turns: 1564, Time: 00:03:11

Health: 0/36       AC:  6    Str: 16    XL:     4   Next: 17%
Magic:  4/4        EV: 13    Int: 10    God:
Gold:   39         SH:  0    Dex: 12    Spells: 3/3 levels left

rFire    . . .     SeeInvis .   a - +0 long sword
rCold    . . .     Gourm    .   (no shield)
rNeg     . . .     Faith    .   (armour unavailable)
rPois    .         Spirit   .   b - +0 hat
rElec    .         Reflect  .   k - +0 cloak
rCorr    .         Harm     .   (no gloves)
MR       .....                  (no boots)
Stlth    +.........             (no amulet)
HPRegen  0.12/turn              (no ring)
MPRegen  0.09/turn              (no ring)

@: lethally poisoned (0 -> -14), slowed, drained, very slow
A: unfitting armour, cold-blooded, AC +5
a: no special abilities


You were on level 2 of the Dungeon.
You were not hungry.

You visited 1 branch of the dungeon, and saw 2 of its levels.

You collected 39 gold pieces.

Inventory:

Hand Weapons
 a - a +0 long sword (weapon)
Missiles
 c - 3 throwing nets (quivered)
Armour
 b - a +0 hat (worn)
 k - a +0 cloak (worn)
Jewellery
 f - an uncursed ring of resist corrosion {unknown}
Scrolls
 j - a scroll of identify {unknown}
 l - a scroll of immolation {unknown}
Potions
 e - a potion of curing {unknown}
 g - a potion of might {unknown}
 i - a potion of magic {unknown}
Comestibles
 d - 2 rations


   Skills:
 - Level 2.1(1.9) Fighting
 * Level 4.1(3.9) Long Blades
 + Level 2.4(2.2) Throwing
 + Level 3.2(3.0) Dodging


You had 3 spell levels left.
You didn't know any spells.

Dungeon Overview and Level Annotations

Branches:
Dungeon (2/15)

Altars:

Annotations:
D:2 Crazy Yiuf


Innate Abilities, Weirdness & Mutations

Your plain brown scales are hard. (AC +5)
You cannot fit into any form of body armour.
You are cold-blooded and may be slowed by cold attacks.


Message History

You are poisoned.
Crazy Yiuf hits you with a quarterstaff of chaos!
* * * LOW HITPOINT WARNING * * *
Crazy Yiuf freezes you.
* * * LOW HITPOINT WARNING * * *
You feel much better.
You feel sick.
Crazy Yiuf yells, "Adder!"
Crazy Yiuf closely misses you.
You hit Crazy Yiuf. You tail-slap Crazy Yiuf.
Crazy Yiuf is severely wounded.
You feel sick.
Crazy Yiuf hits you with a quarterstaff of chaos.
You are lethally poisoned!
Crazy Yiuf closely misses you.
You closely miss Crazy Yiuf. You tail-slap Crazy Yiuf.
Crazy Yiuf is severely wounded.
You feel very sick. Crazy Yiuf barely misses you.
Crazy Yiuf hits you with a quarterstaff of chaos!
You die...

#....#
#........#
♣....♣
#........#
************
♣...♣♣
#.....######
,,,,,,,,,,,*
♣♣.♣♣
#...........
************
♣.♣♣
#.....######
♣♣.♣
#.....##
♣.♣♣
#......#
♣♣.♣
######.##
*#@#* #..#
#.g.# ##.##
#...# #..#
#..)# ##.##
##### #..#
##.# #.##
######..#
#........


You could see Crazy Yiuf.

Vanquished Creatures
  3 adders (D:2)
  2 worms (D:2)
  2 dart slugs (D:1)
  A leopard gecko (D:2)
  3 giant cockroaches (D:1)
  4 goblins
  5 hobgoblins
  7 jackals
  4 bats
  4 frilled lizards (D:1)
  6 rats
41 creatures vanquished.

Notes
Turn   | Place    | Note
-------+----------+-------------------------------------------
     0 | D:1      | KristoblXynda the Draconian Gladiator began the quest for the Orb.
     0 | D:1      | Reached XP level 1. HP: 17/17 MP: 1/1
   155 | D:1      | Reached XP level 2. HP: 22/24 MP: 2/2
   492 | D:1      | Reached XP level 3. HP: 20/29 MP: 3/3
   821 | D:2      | Reached skill level 4 in Long Blades
  1033 | D:2      | Reached XP level 4. HP: 8/36 MP: 4/4
  1314 | D:2      | Noticed a phantom
  1548 | D:2      | Found a runed door.
  1552 | D:2      | Noticed Crazy Yiuf
  1564 | D:2      | Slain by Crazy Yiuf

Vault maps used:
D:1:      lemuel_arrival_river_ford, serial_park_tiny_2, minivault_24,
          serial_bayou_pond_e, grunt_decor_mini_mirrors
D:2:      uniq_crazy_yiuf_cottage

Skill      XL: |  1  2  3 |
---------------+----------+-----
Throwing       | 2 |  2.4
Dodging        | 3 |  3.2
Long Blades    | 4 |  4.1
Fighting       | |  2.1

Action                   |  1- 3 |  4- 6 || total
-------------------------+-------+-------++-------
Melee: Long sword        |   112 |    31 ||   143
       Tailslap          |    19 |     3 ||    22
  Use: Potion            |     1 |     1 ||     2
       Scroll            |       |     3 ||     3
 Stab: Sleeping          |     1 |       ||     1
  Eat: Ration            |       |     1 ||     1
Armor: Skin              |    43 |     3 ||    46
Dodge: Dodged            |    82 |    14 ||    96
       Rpst.: Long sword |    27 |     3 ||    30

Table legend:
 A = Spawn XP
 B = Non-spawn XP
 C = Spawn XP percentage of total XP
 D = Spawn monster count
 E = Non-spawn monster count
 F = Spawn count percentage of total count
 G = Total turns spent on level
                    A         B        C        D         E        F      G
               +---------+---------+-------+---------+---------+-------+---------
         Total |       0 |     114 |   0.0 |       0 |      41 |   0.0 |  1564
               +---------+---------+-------+---------+---------+-------+---------
           D:1 |       0 |      43 |   0.0 |       0 |      25 |   0.0 |   699
           D:2 |       0 |      71 |   0.0 |       0 |      16 |   0.0 |   865
               +---------+---------+-------+---------+---------+-------+---------
